 Dungeon Crawl Stone Soup version 0.27.1-34-g3ba077fa99 (webtiles) character file.

Game seed: 787696368076877237

137 Arum the Digger (level 5, -1/35 HPs)
             Began as a Formicid Earth Elementalist on Jan 8, 2022.
             Was an Initiate of Sif Muna.
             Succumbed to a scorpion's poison
             ... on level 5 of the Dungeon on Jan 9, 2022.
             The game lasted 00:05:59 (3088 turns).

Arum the Digger (Formicid Earth Elementalist)       Turns: 3088, Time: 00:05:59

Health: -1/35      AC:  2    Str: 12    XL:     5   Next: 43%
Magic:  2/11       EV: 12    Int: 16    God:    Sif Muna [......]
Gold:   195        SH:  0    Dex: 11    Spells: 8/12 levels left

rFire    . . .     SeeInvis +   k - +0 quarterstaff
rCold    . . .     Faith    .   (no shield)
rNeg     + . .     Spirit   .   b - +0 robe
rPois    .         Reflect  .   (helmet unavailable)
rElec    .         Harm     .   (no cloak)
rCorr    .         Rampage  .   (no gloves)
Will     .....                  (no boots)
Stlth    ++........             (no amulet)
HPRegen  0.11/turn              h - ring of positive energy
MPRegen  0.12/turn              (no ring)

@: lethally poisoned (-1 -> -9)
A: permanent stasis, dig shafts and tunnels, antennae 3, four strong arms
a: Dig, Shaft Self, Renounce Religion


You were on level 5 of the Dungeon.
You worshipped Sif Muna.
Sif Muna was noncommittal.
You visited 2 branches of the dungeon, and saw 5 of its levels.

You collected 195 gold pieces.

Inventory:

Hand Weapons
 d - a +0 dagger
 k - a +0 quarterstaff (weapon)
Missiles
 c - 8 stones
Armour
 b - a +0 robe (worn)
Jewellery
 h - a ring of positive energy (left hand)
Scrolls
 f - a scroll of enchant weapon {unknown}
 i - a scroll of noise {unknown}
 l - 2 scrolls of teleportation {unknown}
 m - a scroll of acquirement {unknown}
Potions
 e - 2 potions of berserk rage {unknown}
 g - a potion of mutation {unknown}
 j - a potion of heal wounds {unknown}


   Skills:
 - Level 1.7 Dodging
 - Level 2.4 Stealth
 * Level 4.0 Spellcasting
 + Level 0.1 Conjurations
 - Level 1.1 Transmutations
 + Level 5.4 Earth Magic


You had 8 spell levels left.
You knew the following spells:

 Your Spells              Type           Power      Damage    Failure   Level
a - Sandblast             Erth           40%        2d10      1%          1
b - Stone Arrow           Conj/Erth      24%        3d8       16%         3

Your spell library contained the following spells:

 Spells                   Type           Power      Damage    Failure   Level
 Passwall                 Tmut/Erth      10%        N/A       7%          2
 Ignite Poison            Fire/Tmut/Pois 4%         N/A       41%         3
 Petrify                  Tmut/Erth      13%        N/A       41%         4
 Conjure Flame            Conj/Fire      3%         6-21      45%         3
 Sticky Flame             Conj/Fire      3%         2d3       86%         4


Dungeon Overview and Level Annotations

Branches:
Dungeon (5/15)             Temple (1/1) D:5

Altars:
Ashenzari
Dithmenos
Hepliaklqana
Makhleb
Nemelex Xobeh
Okawaru
Qazlal
Sif Muna
Trog
Wu Jian
Xom
Yredelemnul
The Shining One


Innate Abilities, Weirdness & Mutations

You cannot be hasted, slowed, berserked, paralysed or teleported.
You can dig through walls and to a lower floor.
You have a pair of large antennae on your head. (SInv)
Your four strong arms can wield two-handed weapons with a shield.


Message History

Your magical contamination has completely faded away.
The blast of sand hits the scorpion but does no damage.
The scorpion is moderately wounded.
The scorpion stings you.
The blast of sand misses the scorpion.
The scorpion stings you. The scorpion barely misses you.
The scorpion misses you.
There is an open door here.
You see here a +0 short sword.
The blast of sand hits the scorpion!
The scorpion is almost dead.
The scorpion stings you.
You barely miss the scorpion.
The scorpion is almost dead.
The scorpion completely misses you.
The scorpion stings you but does no damage.
You barely miss the scorpion.
The scorpion is almost dead.
The scorpion stings you!
The scorpion stings you but does no damage.
You barely miss the scorpion.
The scorpion is almost dead.
The scorpion stings you.
You are poisoned.
The scorpion poisons you!
You feel very sick.
You feel sick. The scorpion misses you.
You feel sick.
You feel sick.
You feel sick.
A black bear comes into view.
You feel sick. The scorpion barely misses you.
You feel sick.
You feel sick.
You are no longer poisoned.
The scorpion stings you!
* * * LOW HITPOINT WARNING * * *
You are lethally poisoned!
The scorpion poisons you!
You die...

*,**.#.#.# *,* *,* *,,,,..#.#
*##****,* *,* ######.#.#
*..,,,*,* *,* .o.....#.#
*.#**,*,******,* ######.#.# #.#
*,*,*,,,,,,* #####.#.## #.#
*.#.#,,,,,,, #........# #.#
#.#.##******
#....)...########.###.#..,,,,,,,
#........h...s.@........,,,,..,,
#........######.........,,{,....
#####'#...........###.######*#.#
#.#.#########)###.......,,..
#.#..,,,<,,#........########
****##.#*****#..............,.
*,,,,,..,,,,##........########
*,****o##**,#...<.............
*,*,,,..,,*,##......#########.


You could see a black bear and a scorpion.

Vanquished Creatures
  A hound (D:5)
  4 gnolls (D:2)
  An adder (D:5)
  3 worms (D:2)
  2 dart slugs (D:2)
  3 orcs (D:5)
  4 ball pythons
  2 bats (D:1)
  5 endoplasms
  4 giant cockroaches
  5 goblins
  3 kobolds
  A quokka (D:3)
  3 frilled lizards
  3 rats
44 creatures vanquished.

Notes
Turn   | Place    | Note
-------+----------+-------------------------------------------
     0 | D:1      | Arum the Formicid Earth Elementalist began the quest for
                  | the Orb.
     0 | D:1      | Reached XP level 1. HP: 13/13 MP: 3/3
   382 | D:1      | Reached XP level 2. HP: 19/19 MP: 2/5
   385 | D:1      | Reached skill level 4 in Earth Magic
   957 | D:2      | Reached XP level 3. HP: 20/24 MP: 1/7
  1037 | D:2      | Reached XP level 4. HP: 30/30 MP: 6/8
  1336 | D:2      | Reached skill level 5 in Earth Magic
  1535 | D:2      | Learned a level 3 spell: Stone Arrow
  2255 | D:3      | Found a faded altar of an unknown god.
  2387 | D:3      | You fall into a shaft and drop 2 floors!
  2387 | D:5      | Entered Level 5 of the Dungeon
  2466 | D:5      | Reached XP level 5. HP: 21/35 MP: 0/10
  2717 | D:5      | Found a staircase to the Ecumenical Temple.
  2726 | Temple   | Entered the Ecumenical Temple
  2966 | Temple   | Became a worshipper of Sif Muna the Loreminder
  3081 | D:5      | Noticed a black bear
  3087 | D:5      | HP: 1/35 [scorpion (8)]
  3088 | D:5      | Succumbed to a scorpion's poison

Illustrated notes

Levels and vault maps discovered:
D:1:      dpeg_arrival_short_road, layout_loops_cross
D:2:      layout_rooms
D:3:      layout_basic, ebering_ecumenical_altar_mist
D:5:      layout_basic, nicolae_ru_sacrificial_ziggurat,
          minmay_temple_entry_butterflies
Temple:   nicolae_temple_figure_eight

Skill      XL: |  1  2  3  4  5 |
---------------+----------------+-----
Earth Magic    | 4 5 |  5.4
Spellcasting   | 3 4 |  4.0
Dodging        | |  1.7
Stealth        | |  2.4
Conjurations   | |  0.1
Transmutations | |  1.1

Action                   |  1- 3 |  4- 6 || total
-------------------------+-------+-------++-------
Melee: Dagger            |       |    38 ||    38
       Quarterstaff      |       |    10 ||    10
 Cast: Sandblast         |    34 |    14 ||    48
       Stone Arrow       |       |    13 ||    13
  Use: Scroll            |       |     1 ||     1
 Stab: Sleeping          |       |     2 ||     2
Armor: Robe              |     3 |     9 ||    12
Dodge: Dodged            |     5 |    34 ||    39
